 Dungeon Crawl Stone Soup version 0.19.1-1-g22dce08 (webtiles) character file.

37 Kiturien the Stinger (level 3, 0/21 HPs)
             Began as an Octopode Venom Mage on Jan 14, 2017.
             Succumbed to an adder's poison
             ... on level 2 of the Dungeon.
             The game lasted 00:05:37 (1086 turns).

Kiturien the Stinger (Octopode Venom Mage)          Turns: 1086, Time: 00:05:38

Health: 0/21       AC:  1    Str:  7    XL:     3   Next: 39%
Magic:  6/6        EV: 13    Int: 18    God:
Gold:   68         SH:  0    Dex: 12    Spells: 1 memorised, 5 levels left

rFire  . . .     SeeInvis .     e - -3 dagger (curse)
rCold  . . .     Gourm    .     (no shield)
rNeg   . . .     Faith    .     (helmet restricted)
rPois  .         Spirit   .     (no amulet)
rElec  .         Reflect  .     (no ring)
rCorr  .         Harm     .     (no ring)
MR     .....                    (no ring)
Stlth  +++.......               (no ring)
                                (no ring)
                                (no ring)
                                (no ring)
                                (no ring)

@: lethally poisoned (0 -> -2)
A: almost no armour, stealthy swim, amphibious, 8 rings, constrict 8, camouflage
1, gelatinous body 1
a: no special abilities


You were on level 2 of the Dungeon.
You were hungry.

You visited 1 branch of the dungeon, and saw 2 of its levels.

You collected 68 gold pieces.

Inventory:

Hand Weapons
 e - a cursed -3 dagger (weapon)
Missiles
 c - 12 poisoned needles
Scrolls
 f - a scroll of enchant armour {unknown}
 g - a scroll of teleportation
Books
 a - a Young Poisoner's Handbook

   Spells                             Type                      Level
   a - Sting                          Conjuration/Poison           1
   b - Mephitic Cloud                 Conjuration/Poison/Air       3
   c - Olgreb's Toxic Radiance        Poison                       4
   d - Alistair's Intoxication        Transmutation/Poison         5
   e - Venom Bolt                     Conjuration/Poison           5
Comestibles
 b - a bread ration
 d - a slice of pizza


   Skills:
 + Level 0.2 Fighting
 + Level 2.2 Dodging
 + Level 2.8 Stealth
 + Level 2.1 Spellcasting
 + Level 0.6 Conjurations
 + Level 5.6 Poison Magic


You had 5 spell levels left.
You knew the following spells:

 Your Spells              Type           Power        Failure   Level  Hunger
a - Sting                 Conj/Pois      ##..         6%          1    #......


Dungeon Overview and Level Annotations

Branches:
Dungeon (2/15)

Altars:


Innate Abilities, Weirdness & Mutations

You cannot wear most types of armour.
You are very stealthy in the water. (Stealth+)
You are amphibious.
You can wear up to eight rings at the same time.
You can use your tentacles to constrict eight enemies at once.
Your skin changes colour to match your surroundings (Stealth+).
Your rubbery body absorbs attacks. (AC +1, EV +1)


Message History

There is a lethal amount of poison in your body!
There is a lethal amount of poison in your body!
There is a lethal amount of poison in your body!
* * * LOW HITPOINT WARNING * * *
You feel sick.
* * * LOW HITPOINT WARNING * * *
You feel sick.
A goblin comes into view. It is wielding a dagger.
* * * LOW HITPOINT WARNING * * *
You feel sick.
The goblin shouts!
You barely miss the goblin. You grab the goblin. You constrict the goblin.
You hit the goblin.
The goblin is severely wounded.
You constrict the goblin.
You kill the goblin!
An adder comes into view.
Things that are here:
a dagger; a goblin corpse You die...

#...#...#
......###..#.#
####.# ##...#
... #.#.# ###
##.#.#
#.###.##.#####
#............#
#.###.##.###.#
#@##.# #.#
#)##.# #.#
#.....S.##.#
#.#
#.#.######.#
#.# #....# #.#
##.#..###.#
#.....)..#....#
#..#..###.###.#
..... .#


You could see an adder.

Vanquished Creatures
  An adder (D:2)
  2 dart slugs (D:1)
  A leopard gecko (D:1)
  5 goblins
  2 hobgoblins (D:1)
  2 jackals (D:1)
  A ball python (D:1)
  A bat (D:1)
  3 frilled lizards (D:1)
  3 kobolds (D:1)
  2 rats (D:1)
23 creatures vanquished.

Notes
Turn   | Place    | Note
-------+----------+-------------------------------------------
     0 | D:1      | Kiturien the Octopode Venom Mage began the quest for the Orb.
     0 | D:1      | Reached XP level 1. HP: 11/11 MP: 3/3
   226 | D:1      | Reached skill level 5 in Poison Magic
   333 | D:1      | Reached XP level 2. HP: 10/17 MP: 3/5
   773 | D:1      | Reached XP level 3. HP: 21/21 MP: 4/6
  1082 | D:2      | HP: 1/21 [poisoned by an adder]
  1086 | D:2      | Succumbed to an adder's poison

Skill      XL: |  1 |
---------------+----+-----
Poison Magic   | 5 |  5.6
Fighting       | |  0.2
Dodging        | |  2.2
Stealth        | |  2.8
Spellcasting   | |  2.1
Conjurations   | |  0.6

Action                   || total
-------------------------++-------
Melee: Unarmed           ||    20
       Constrict         ||     9
       Tentacles         ||     5
       Dagger            ||    18
 Cast: Sting             ||    19
  Use: Scroll            ||     1
 Stab: Sleeping          ||     2
Armor: Skin              ||     4
Dodge: Dodged            ||    23
